 Dungeon Crawl Stone Soup version 0.29-a0-555-g3b24f45cc1 (webtiles) character file.

Game seed: 3207321709358447486

18 vulpzor the Insei (level 2, -2/27 HPs)
             Began as an Octopode Transmuter on June 8, 2022.
             Was a Follower of Kikubaaqudgha.
             Slain by a hobgoblin (3 damage)
             ... on level 1 of the Dungeon.
             The game lasted 00:03:58 (802 turns).

vulpzor the Insei (Octopode Transmuter)              Turns: 802, Time: 00:04:02

Health: -2/27      AC: 21    Str:  9    XL:     2   Next: 70%
Magic:  5/5        EV:  2    Int: 21    God:    Kikubaaqudgha [*.....]
Gold:   71         SH:  0    Dex: 12    Spells: 4/5 levels left

rFire   . . .      SeeInvis .     - Unarmed
rCold   . . .      Faith    .   (no shield)
rNeg    . . .      Spirit   .   (helmet currently unavailable)
rPois   +          Reflect  .   (no amulet)
rElec   .          Harm     .   d - +6 ring of intelligence
rCorr   .          Rampage  .   (no ring)
Will    .....      NoTele   +   (no ring)
Stlth   +.........              (no ring)
HPRegen 0.09/turn               (no ring)
MPRegen 0.09/turn               (no ring)
                                (no ring)
                                (no ring)

@: tree-form
A: stationary, stasis, torment immunity, boosted hp, almost no armour,
(amphibious), 8 rings, (camouflage 1), (gelatinous body 1), (nimble swimmer 1),
(tentacles)
a: Renounce Religion, Unearth Wretches


You were on level 1 of the Dungeon.
You worshipped Kikubaaqudgha.
Kikubaaqudgha was aware of your devotion.
You were a tree.
You visited 1 branch of the dungeon, and saw 1 of its levels.

You collected 71 gold pieces.

Inventory:

Jewellery
 d - a +6 ring of intelligence (left branch)
Potions
 b - 2 potions of might {unknown}
 c - a potion of heal wounds {unknown}


   Skills:
 + Level 1.1 Fighting
 + Level 2.1 Dodging
 + Level 3.6 Unarmed Combat
 + Level 2.1 Spellcasting
 + Level 2.0 Transmutations


You had 4 spell levels left.
You knew the following spells:

 Your Spells              Type           Power      Damage    Failure   Level
a - Beastly Appendage     Tmut           20%        N/A       6%          1

Your spell library contained the following spells:

 Spells                   Type           Power      Damage    Failure   Level
 Wereblood                Tmut           10%        N/A       10%         2
 Necrotize                Necr           8%         1d4       14%         1
 Spider Form              Tmut/Pois      6%         N/A       28%         3
 Vampiric Draining        Necr           2%         2d6       41%         3
 Ice Form                 Ice/Tmut       6%         N/A       67%         4
 Anguish                  Hex/Necr       1%         N/A       82%         4
 Animate Dead             Necr           2%         N/A       82%         4


Dungeon Overview and Level Annotations

Branches:
Dungeon (1/15)

Altars:
Kikubaaqudgha


Innate Abilities, Weirdness & Mutations

You are a tree.
Your roots penetrate the ground, keeping you stationary.
You cannot be teleported.
You are immune to unholy pain and torment.
Your maximum health is greatly increased.
You cannot wear most types of armour.
((You are amphibious.))
You can wear up to eight rings at the same time.
((Your skin changes colour to match your surroundings (Stealth+).))
((Your rubbery body absorbs attacks. (AC +1, EV +1)))
((You are camouflaged when in or above water. (Stealth+)))
((You have tentacles for arms and can constrict up to eight enemies at once.))


Message History

You barely miss the quokka. Your grab misses the quokka.
Your tentacle spike misses the quokka.
The quokka completely misses you.
You tentacle-slap the quokka. You grab the quokka.
You pierce the quokka, but do no damage.
The quokka is moderately wounded.
You constrict the quokka. The hobgoblin hits you. The quokka bites you.
You tentacle-slap the quokka but do no damage.
The quokka is heavily wounded.
You constrict the quokka. The quokka barely misses you. The hobgoblin hits you.
The hobgoblin barely misses you. The quokka barely misses you.
You tentacle-slap the quokka.
You kill the quokka!
Kikubaaqudgha accepts your kill.
Your tentacle spike disappears.
The hobgoblin hits you.
* * * LOW HITPOINT WARNING * * *
The hobgoblin hits you.
* * * LOW HITPOINT WARNING * * *
The jackal barely misses you. x2
Really quaff the potion of lignification?
Okay, then.
Really quaff the potion of lignification?
You turn into a tree.
Your roots penetrate the ground.
The hobgoblin hits you.
* * * LOW HITPOINT WARNING * * *
The hobgoblin hits you but does no damage.
The jackal barely misses you.
The jackal bites you but does no damage.
You hit the jackal.
You kill the jackal!
Kikubaaqudgha accepts your kill.
The hobgoblin hits you but does no damage. x2
The jackal bites you but does no damage.
You cannot move.
You smack the hobgoblin!
You kill the hobgoblin!
Kikubaaqudgha accepts your kill.
The jackal bites you but does no damage.
The hobgoblin hits you.
You die...
Kikubaaqudgha rasps: "You have failed me!
Welcome... death!"

..#..# #.........8.._..∩..∩#
..+..# #...................#
..##.####...................#
...............∩.....∩..8..8#
..#.....#.......##..#########
.###...###(......(.##
..#..#..#..#+#######
..........##.##############
...####..###.##.♣..........
....###...##.##h.g.........
..#.....#.†..##....^.......
.###...###...##............
..#.....#..#.##............
#.........##.##............
#....####.....#............
##### #..#..#.........$..
##.#..#....$.......


You could see a jackal and a hobgoblin.

Vanquished Creatures
  2 ball pythons (D:1)
  3 endoplasms (D:1)
  A giant cockroach (D:1)
  2 hobgoblins (D:1)
  2 jackals (D:1)
  A kobold (D:1)
  A quokka (D:1)
  A bat (D:1)
  A frilled lizard (D:1)
  A goblin (D:1)
  3 rats (D:1)
18 creatures vanquished.

Notes
Turn   | Place    | Note
-------+----------+-------------------------------------------
     0 | D:1      | vulpzor the Octopode Transmuter began the quest for the
                  | Orb.
     0 | D:1      | Reached XP level 1. HP: 13/13 MP: 3/3
   344 | D:1      | Reached XP level 2. HP: 12/18 MP: 5/5
   489 | D:1      | Found a faded altar of an unknown god.
   686 | D:1      | Prayed at the altar of an unknown god.
   686 | D:1      | Became a worshipper of Kikubaaqudgha
   686 | D:1      | Reached * piety under Kikubaaqudgha
   686 | D:1      | Received a gift from Kikubaaqudgha
   800 | D:1      | HP: 1/27 [hobgoblin (1)]
   802 | D:1      | Slain by a hobgoblin

Illustrated notes

Levels and vault maps discovered:
D:1:      amcnicky_arrival_gap_in_the_tavern_cellar, layout_basic,
          hellmonk_ecumenical_altar_arch_garden, minmay_strange_pillars,
          chequers_serial_rivers_room_a, ebering_dispersal_statue_hall

Action                   || total
-------------------------++-------
Melee: Unarmed           ||    43
       Constrict         ||     9
       Tentacles         ||     7
       Punch             ||     2
       Kick              ||     1
 Cast: Beastly Appendage ||     1
  Use: Potion            ||     1
 Stab: Sleeping          ||     1
Armor: Skin              ||     9
Dodge: Dodged            ||    26

Table legend: (Time is in decaauts)
 A = Elapsed time spent in this place.
 B = Non-inter-level travel time spent in this place.
 C = Inter-level travel time spent in this place.
 D = Time resting spent in this place.
 E = Time spent auto-exploring this place.
 F = Levels seen in this place.
 G = Mean time per level.
                   A        B        C        D        E       F      G
               +--------+--------+--------+--------+--------+-----+--------+
         Total |    798 |    798 |      0 |    148 |    309 |   1 |  798.0 |
       Dungeon |    798 |    798 |      0 |    148 |    309 |   1 |  798.0 |
               +--------+--------+--------+--------+--------+-----+--------+

Top non-repeatable levels by time:
     D:1: 798 daAuts
